 Dungeon Crawl Stone Soup version 0.14-a0-3194-g0089908 (webtiles) character file.

11 MackTheKnife the Insei (level 2, -2/21 HPs)
             Began as a Merfolk Transmuter on Mar 11, 2014.
             Slain by a hobgoblin
             ... wielding a +0,+0 club
              (6 damage)
             ... on Level 1 of the Dungeon.
             The game lasted 00:00:36 (184 turns).

MackTheKnife the Insei (Merfolk Transmuter)          Turns: 184, Time: 00:00:36

HP  -2/21        AC  2     Str 10      XL: 2   Next:  4%
MP   3/4         EV 13     Int 12      God:
Gold 4           SH  0     Dex 14      Spells:  1 memorised,  4 levels left

rFire  . . .     SeeInvis .       - Unarmed
rCold  . . .     Clarity  .     c - +0 robe
rNeg   . . .     Conserve .     (no shield)
rPois  .         rCorr    .     (helmet restricted)
rElec  .         rRot     .     (no cloak)
SustAb . .       Spirit   .     (no gloves)
rMut   .         Warding  .     (no boots)
Saprov . . .     Stasis   .     (no amulet)
MR     .....                    (no ring)
                                (no ring)

@: appendage, not resistant to hostile enchantments, unstealthy
A: change form in water, swift swim, horns 2
a: End Transformation


You were on level 1 of the Dungeon.
You were not hungry.
You had grown temporary horns.
You visited 1 branch of the dungeon, and saw 1 of its levels.

You collected 4 gold pieces.


Innate Abilities, Weirdness & Mutations

You revert to your normal form in water.
You are very nimble and swift while swimming.
You have a pair of horns on your head.


   Skills:
 - Level 1.1 Fighting
 - Level 2.6 Dodging
 + Level 3.4 Unarmed Combat
 + Level 2.2 Spellcasting
 + Level 3.1 Transmutations


You had 4 spell levels left.
You knew the following spells:

 Your Spells              Type           Power        Failure   Level  Hunger
z - Beastly Appendage     Trmt           #.....       10%         1    ##.....

Inventory:

Missiles
 b - 12 arrows
Armour
 c - a +0 robe (worn)
Comestibles
 a - a bread ration
Potions
 e - 2 potions of agility {unknown}
 f - a potion of curing {unknown}
Books
 d - a book of Changes

   Spells                             Type                      Level
   *Beastly Appendage                 Transmutation                1
   Sticks to Snakes                   Transmutation                2
   Spider Form                        Transmutation/Poison         3
   Ice Form                           Ice/Transmutation            4
   Blade Hands                        Transmutation                5

▒·············▒▒·▒·▒
▒▒▒▒···▒▒▒·▒▒·▒▒·▒·▒
▒▒▒▒▒ ▒·▒▒·▒▒·▒·▒
▒·▒▒·▒▒·▒·▒ ▒▒
▒·▒▒·▒▒·▒·▒▒··▒·
▒···············▒
▒▒▒▒▒▒▒▒·▒▒▒···▒
▒▒▒▒▒▒·▒▒▒▒
▒···m·····▒
▒··g······▒
▒··▒▒▒▒▒··▒
▒··▒?[)▒··▒
▒··▒£!£▒····
▒··▒(((▒··▒·
▒··▒▒▒▒▒··▒
▒········· ····


You could see a hobgoblin.


Message History

The hobgoblin shouts!
Found six items.
There are monsters nearby!
There are monsters nearby!
There are monsters nearby!
There are monsters nearby!
The hobgoblin misses you.
You hit the hobgoblin.
The hobgoblin is moderately wounded.
You hit the hobgoblin but do no damage.
The hobgoblin is moderately wounded.
The hobgoblin hits you with a club.
You closely miss the hobgoblin.
The hobgoblin is moderately wounded.
The hobgoblin hits you with a club.
* * * LOW HITPOINT WARNING * * *
You closely miss the hobgoblin.
The hobgoblin is moderately wounded.
The hobgoblin barely misses you.
You closely miss the hobgoblin.
The hobgoblin is lightly wounded.
The hobgoblin closely misses you.
You closely miss the hobgoblin.
The hobgoblin is lightly wounded.
The hobgoblin hits you with a club.
* * * LOW HITPOINT WARNING * * *
You hit the hobgoblin. You punch the hobgoblin.
The hobgoblin is heavily wounded.
You grow a pair of large bovine horns.
The hobgoblin hits you with a club.
You die...

Action                   || total
-------------------------++-------
Melee: Unarmed           ||    25
 Cast: Beastly Appendage ||     2

Vault maps used:
D:1:      nicolae_arrival_kraken_aquarium_a, serial_glass, glass_columns_b,
          glass_columns_b, due_unseen_surprise, item_on_display_a,
          feat_on_display, minmay_strange_pillars,
          minmay_misc_feat_more_columns, hex_medium, patterned_corridor

Notes
Turn   | Place    | Note
--------------------------------------------------------------
     0 | D:1      | MackTheKnife, the Merfolk Transmuter, began the quest for the Orb.
     0 | D:1      | Reached XP level 1. HP: 15/15 MP: 3/3
     0 | D:1      | Noticed a vampire
     0 | D:1      | Noticed a draconian
     0 | D:1      | Noticed a spriggan
     0 | D:1      | Noticed a vine stalker
     0 | D:1      | Noticed a formicid
     0 | D:1      | Noticed a kraken
     0 | D:1      | Noticed a gargoyle
     0 | D:1      | Noticed a draconian
     0 | D:1      | Noticed an elf
     0 | D:1      | Noticed a dwarf
     0 | D:1      | Noticed a centaur
     3 | D:1      | Killed an elf
     3 | D:1      | Killed a dwarf
     7 | D:1      | Killed a gargoyle
    13 | D:1      | Killed a vampire
    13 | D:1      | Killed a spriggan
    13 | D:1      | Killed a vine stalker
    15 | D:1      | Killed a draconian
    15 | D:1      | Killed a formicid
    16 | D:1      | Killed a centaur
    18 | D:1      | Killed a draconian
    59 | D:1      | Reached skill level 3 in Transmutations
   162 | D:1      | Reached XP level 2. HP: 21/21 MP: 4/4
   184 | D:1      | Slain by a hobgoblin

Vanquished Creatures
  A hobgoblin (D:1)
  A kobold (D:1)
  A giant cockroach (D:1)
  A giant newt (D:1)
  5 rats (D:1)
9 creatures vanquished.

Vanquished Creatures (others)
  2 draconians (D:1)
  A vine stalker (D:1)
  An elf (D:1)
  A spriggan (D:1)
  A vampire (D:1)
  A formicid (D:1)
  A gargoyle (D:1)
  A dwarf (D:1)
  A centaur (D:1)
  A mummy (D:1)
  A kobold (D:1)
  8 tentacles (D:1)
  9 tentacle segments (D:1)
29 creatures vanquished.

Grand Total: 38 creatures vanquished
